 Dungeon Crawl Stone Soup version 0.21-a0-260-g9b2435e (webtiles) character file.

345 RKaid the Chiller (level 6, 0/56 HPs)
             Began as a Naga Ice Elementalist on Sept 7, 2017.
             Was an Initiate of Sif Muna.
             Shot with an arrow by a centaur (2 damage)
             ... on level 5 of the Dungeon.
             The game lasted 00:21:18 (4824 turns).

RKaid the Chiller (Naga Ice Elementalist)           Turns: 4824, Time: 00:21:19

Health: 0/56       AC:  4    Str: 11    XL:     6   Next: 58%
Magic:  11/11      EV: 10    Int: 17    God:    Sif Muna [......]
Gold:   235        SH:  0    Dex: 11    Spells: 6/12 levels left

rFire    . . .     SeeInvis +   a - +0 hunting sling
rCold    . . .     Gourm    .   (no shield)
rNeg     . . .     Faith    .   r - +0 robe
rPois    +         Spirit   .   (no helmet)
rElec    .         Reflect  .   g - +0 cloak
rCorr    .         Harm     .   (no gloves)
MR       .....                  (no barding)
Stlth    ++........             (no amulet)
HPRegen  0.18/turn              (no ring)
MPRegen  0.12/turn              (no ring)

@: very slow
A: see invisible, deformed body, poison resistance, slowness 2, slow metabolism
1, spit poison 1, AC +2
a: Spit Poison, Renounce Religion


You were on level 5 of the Dungeon.
You worshipped Sif Muna.
Sif Muna was noncommittal.
You were not hungry.

You visited 2 branches of the dungeon, and saw 6 of its levels.
You also visited: Ossuary.

You collected 235 gold pieces.

Inventory:

Hand Weapons
 a - a +0 hunting sling (weapon)
   (You found it on level 1 of the Dungeon)
 b - a +1 dagger of venom
   (You took it off an orc on level 3 of the Dungeon)
Missiles
 d - 190 stones (quivered)
Armour
 g - a +0 cloak (worn)
   (You found it on level 1 of the Dungeon)
 r - a +0 robe (worn)
Wands
 P - a wand of paralysis (12/24)
   (You found it on level 4 of the Dungeon)
Scrolls
 i - a scroll of identify
 j - a scroll of amnesia
 m - a scroll of noise {unknown}
 o - 4 scrolls of remove curse
 t - a scroll of fear {unknown}
 u - a scroll of enchant armour {unknown}
 E - a scroll of immolation {!r}
Potions
 e - a potion of mutation {!q!q}
 h - a potion of ambrosia
 p - a potion of flight {unknown}
 s - 2 potions of lignification {!q}
 w - a potion of curing {unknown}
 x - a potion of haste {unknown}
 z - a potion of cancellation {unknown}
 A - a potion of resistance {unknown}
 B - a potion of heal wounds {unknown}
 C - a potion of degeneration {unknown}
 D - a potion of agility {unknown}
 F - a potion of invisibility {unknown}
Books
 y - a book of Frost
Comestibles
 c - 4 bread rations
 f - 4 royal jellies
 k - a meat ration
 l - 3 fruits
 n - 2 chunks of flesh


   Skills:
 - Level 3.0 Fighting
 - Level 1.5 Dodging
 - Level 3.0 Stealth
 + Level 3.8 Spellcasting
 + Level 1.3 Conjurations
 + Level 5.0 Ice Magic


You had 6 spell levels left.
You knew the following spells:

 Your Spells              Type           Power        Failure   Level  Hunger
a - Freeze                Ice            ###.         1%          1    None
b - Throw Frost           Conj/Ice       ##....       6%          2    ##.....
A - Ozocubu's Armour      Chrm/Ice       ##......     17%         3    ###....


Dungeon Overview and Level Annotations

Branches:
Dungeon (5/15)             Temple (1/1) D:4

Altars:
Ashenzari
Cheibriados
Dithmenos
Elyvilon
Fedhas
Gozag
Hepliaklqana
Kikubaaqudgha
Makhleb
Nemelex Xobeh
Okawaru
Qazlal
Ru
Sif Muna
Trog
Uskayaw
Vehumet
Wu Jian
Xom
Yredelemnul
Zin
The Shining One

Annotations:
D:4 Dowan, Duvessa
D:5 exclusion: phantom


Innate Abilities, Weirdness & Mutations

You cannot wear boots.
Your serpentine skin is tough. (AC +2)
You have supernaturally acute eyesight. (SInv)
Armour fits poorly on your strangely shaped body.
Your system is resistant to poisons. (rPois)
You cover ground very slowly.
You have a slow metabolism.
You can spit poison.


Message History

Press: ? - help, Shift-Dir - straight line, f/p - crimson imp
Aim: a crimson imp You freeze the crimson imp.
The crimson imp is frozen!
The crimson imp hits you.
A jackal comes into view.
Casting: Freeze
Confirm with . or Enter, or press ? or * to list all spells.
Aiming: Freeze
Press: ? - help, Shift-Dir - straight line, f/p - crimson imp
Aim: a crimson imp (lightly wounded)
You freeze the crimson imp.
The crimson imp is frozen!
You kill the crimson imp!
Sif Muna accepts your kill.
The jackal barks!
A jackal comes into view.
Casting: Freeze
Confirm with . or Enter, or press ? or * to list all spells.
Aiming: Freeze
Press: ? - help, Shift-Dir - straight line, f - jackal
Aim: a jackal You freeze the jackal.
The jackal bites you but does no damage.
Casting: Freeze
Confirm with . or Enter, or press ? or * to list all spells.
Aiming: Freeze
Press: ? - help, Shift-Dir - straight line, f/p - jackal
Aim: a jackal (severely wounded)
You freeze the jackal.
The jackal barks!
The jackal bites you but does no damage.
Casting: Freeze
Confirm with . or Enter, or press ? or * to list all spells.
Aiming: Freeze
Press: ? - help, Shift-Dir - straight line, f/p - jackal
Aim: a jackal (almost dead)
You freeze the jackal.
You kill the jackal!
Sif Muna accepts your kill. The jackal closely misses you.
Casting: Freeze
Confirm with . or Enter, or press ? or * to list all spells.
Aiming: Freeze
Press: ? - help, Shift-Dir - straight line, f - jackal
Aim: a jackal You freeze the jackal.
You kill the jackal!
Sif Muna accepts your kill. The jackal barely misses you.
Casting: Freeze
Confirm with . or Enter, or press ? or * to list all spells.
Aiming: Freeze
Press: ? - help, Shift-Dir - straight line, f - jackal
Aim: a jackal You freeze the jackal.
You kill the jackal!
Sif Muna accepts your kill.
You see here a jackal corpse.
You butcher the jackal corpse.
n - 2 chunks of flesh You start resting.
d - 190 stones (gained 1);
F - a metallic yellow potion You now have 235 gold pieces (gained 16).
A centaur comes into view.
The centaur shouts!
The centaur wields a shortbow.
The centaur shoots an arrow.
The arrow hits you!
You see here an arrow.
Casting: Freeze
Confirm with . or Enter, or press ? or * to list all spells.
You can't see any susceptible monsters within range! (Use Z to cast anyway.)
The centaur shoots an arrow.
The arrow hits you!
Evoke which item? (* to show all) (? for menu, Esc to quit)
Aiming: Paralyse
Press: ? - help, Shift-Dir - straight line, f - centaur
Aim: a centaur, wielding a shortbow (chance to defeat MR: 46%)
The centaur resists with some effort.
This wand has 1 charge left.
The centaur shoots an arrow.
The arrow hits you.
Okay, then.
Evoke which item? (* to show all) (? for menu, Esc to quit)
Aiming: Paralyse
Press: ? - help, Shift-Dir - straight line, f/p - centaur
Aim: a centaur, wielding a shortbow (chance to defeat MR: 46%)
The centaur resists with some effort.
This wand has 0 charges left.
The centaur shoots an arrow.
The arrow hits you.
Unknown command.
As you read the scroll of fog, it crumbles to dust.
The scroll dissolves into smoke.
The centaur shoots an arrow.
The arrow completely misses you.
The centaur shoots an arrow.
The arrow barely misses you.
The centaur shoots an arrow.
The arrow hits you!
* * * LOW HITPOINT WARNING * * *
You see here an arrow.
Okay, then.
Okay, then.
Charge which item? (? for menu, Esc to quit)
As you read the scroll of recharging, it crumbles to dust.
Your wand of paralysis (0/24) glows for a moment and now has 12 charges.
The centaur shoots an arrow.
The arrow hits you!
* * * LOW HITPOINT WARNING * * *
The centaur shoots an arrow.
The arrow hits you.
You die...

################
................
##########.########
...........#
..........#############
.......................
.........######........
........@# ##...........#
......§§§# #............#
......§§§# #............#
.......§## #............#
.......§# ##............#
........# #.............#
.c.....## #..............
.......# #..............
....##.######..........##


You could see a centaur.

Vanquished Creatures
  An ice beast (D:5)
  A crimson imp (D:5)
  An iguana (D:5)
  A mummy (Ossuary)
  11 adders
  An ooze (D:2)
  An adder zombie (D:3)
  A worm (D:3)
  3 orcs
  10 bats
  6 giant cockroaches
  5 goblins
  3 hobgoblins
  5 jackals
  5 quokkas
  A ball python (D:1)
  10 frilled lizards
  A hobgoblin zombie (Ossuary)
  5 kobolds
  A quokka zombie (D:5)
  9 rats
  A rat zombie (D:5)
83 creatures vanquished.

Notes
Turn   | Place    | Note
-------+----------+-------------------------------------------
     0 | D:1      | RKaid the Naga Ice Elementalist began the quest for the Orb.
     0 | D:1      | Reached XP level 1. HP: 15/15 MP: 3/3
   547 | D:1      | Reached XP level 2. HP: 23/24 MP: 3/5
   571 | D:1      | Learned a level 2 spell: Throw Frost
  1327 | D:2      | Reached XP level 3. HP: 25/30 MP: 3/6
  1646 | D:2      | Found a bloodstained altar of Trog.
  1655 | D:2      | Reached skill level 1 in Fighting
  1958 | D:2      | Reached XP level 4. HP: 38/38 MP: 8/8
  2016 | D:2      | Reached skill level 4 in Ice Magic
  2578 | D:3      | Found a sacrificial altar of Ru.
  2813 | D:3      | Reached skill level 3 in Spellcasting
  2969 | D:3      | Reached XP level 5. HP: 37/45 MP: 4/9
  3160 | D:3      | Learned a level 3 spell: Ozocubu's Armour
  3170 | D:3      | Reached skill level 2 in Fighting
  3293 | D:4      | Noticed Duvessa
  3327 | D:4      | Found a staircase to the Ecumenical Temple.
  3378 | Temple   | Entered the Ecumenical Temple
  3485 | Temple   | Became a worshipper of Sif Muna the Loreminder
  3751 | D:4      | Noticed Dowan
  4096 | D:5      | Entered Level 5 of the Dungeon
  4124 | D:5      | Noticed an ice beast
  4124 | D:5      | Noticed a phantom
  4132 | D:5      | Killed an ice beast
  4132 | D:5      | Reached skill level 3 in Fighting
  4132 | D:5      | Reached XP level 6. HP: 35/56 MP: 9/11
  4261 | D:5      | Found a sand-covered staircase.
  4343 | Ossuary  | Entered an ossuary
  4417 | Ossuary  | Reached skill level 5 in Ice Magic
  4824 | D:5      | HP: 2/56 [centaur/arrow (13)]
  4824 | D:5      | Shot with an arrow by a centaur

Vault maps used:
D:1:      dpeg_arrival_pond
D:2:      first_bread, trog_butcher_becter
D:3:      nicolae_ru_the_path_less_chosen, minivault_11
D:4:      minmay_temple_entry_junction, uniq_duvessa
D:5:      enter_ossuary_4, minmay_misc_feat_columns
Temple:   kilobyte_greek_temple
Ossuary:  ossuary_crypta

Skill      XL: |  1  2  3  4  5  6 |
---------------+-------------------+-----
Fighting       | 1 3 |  3.0
Ice Magic      | 4 5 |  5.0
Spellcasting   | 3 |  3.8
Dodging        | |  1.5
Stealth        | |  3.0
Conjurations   | |  1.3

Action                   |  1- 3 |  4- 6 || total
-------------------------+-------+-------++-------
Melee: Unarmed           |    10 |       ||    10
       Dagger            |       |     4 ||     4
 Fire: Hunting sling     |    68 |   124 ||   192
Throw: Stone             |     6 |       ||     6
 Cast: Freeze            |    35 |    68 ||   103
       Throw Frost       |     1 |       ||     1
       Ozocubu's Armour  |       |     1 ||     1
Evoke: Wand              |       |     3 ||     3
  Use: Scroll            |       |    12 ||    12
 Stab: Sleeping          |     1 |       ||     1
       Paralysed         |       |     4 ||     4
  Eat: Chunk             |     3 |     4 ||     7
       Fruit             |       |     3 ||     3
Armor: Robe              |    25 |    29 ||    54
Dodge: Dodged            |    39 |    42 ||    81

Table legend:
 A = Spawn XP
 B = Non-spawn XP
 C = Spawn XP percentage of total XP
 D = Spawn monster count
 E = Non-spawn monster count
 F = Spawn count percentage of total count
 G = Total turns spent on level
                    A         B        C        D         E        F      G
               +---------+---------+-------+---------+---------+-------+---------
         Total |       0 |     493 |   0.0 |       0 |      83 |   0.0 |  4824
               +---------+---------+-------+---------+---------+-------+---------
           D:1 |       0 |      28 |   0.0 |       0 |      21 |   0.0 |  1277
           D:2 |       0 |     115 |   0.0 |       0 |      30 |   0.0 |  1215
           D:3 |       0 |      65 |   0.0 |       0 |      14 |   0.0 |   854
           D:4 |       0 |      33 |   0.0 |       0 |       6 |   0.0 |   610
           D:5 |       0 |     235 |   0.0 |       0 |      10 |   0.0 |   636
       Ossuary |       0 |      17 |   0.0 |       0 |       2 |   0.0 |    92
               +---------+---------+-------+---------+---------+-------+---------

Table legend:
 A = Turns spent in this place as a percentage of turns spent in the entire game.
 B = Non-inter-level travel turns spent in this place as a percentage of non-inter-level travel turns spent in the entire game.
 C = Inter-level travel turns spent in this place as a percentage of turns spent in this place.
 D = Turns resting spent in this place as a percentage of non-inter-level travel turns spent in this place.
 E = Turns spent auto-exploring this place as a percentage of non-inter-level travel turns spent in this place.
 F = Non-inter-level travel turns spent in this place divided by the number of levels of this place that you've seen.
                   A       B       C       D       E      F
               +-------+-------+-------+-------+-------+----------------------
         Total | 100.0 | 100.0 |   2.9 |  27.2 |  42.1 | 669.0
       Dungeon |  95.2 |  95.7 |   2.4 |  27.8 |  42.5 | 896.4
        Temple |   2.9 |   2.3 |  22.1 |   0.0 |  61.5 | 109.0
       Ossuary |   1.9 |   2.0 |   0.0 |  32.6 |   0.0 |  92.0
               +-------+-------+-------+-------+-------+----------------------

Table legend:
 A = Kills in this place as a percentage of kills in entire the game.
 B = Kills by you in this place as a percentage of kills by you in the entire game.
 C = Kills by friends in this place as a percentage of kills by friends in the entire game.
 D = Other kills in this place as a percentage of other kills in the entire game.
 E = Experience gained in this place as a percentage of experience gained in the entire game.
 F = Experience gained in this place divided by the number of levels of this place that you have seen.
                   A       B       C       D       E      F
               +-------+-------+-------+-------+-------+----------------------
         Total | 100.0 | 100.0 |   N/A |   N/A | 100.0 |  70.4
       Dungeon |  97.6 |  97.6 |   N/A |   N/A |  96.6 |  95.2
       Ossuary |   2.4 |   2.4 |   N/A |   N/A |   3.4 |  17.0
               +-------+-------+-------+-------+-------+----------------------
